| TOP OF THE 1ST |
|
Binghamton Mets batting - Pitching for Augusta GreenJackets : RHP George Kellum
|
|
Pitching: RHP George Kellum
|
|
|
Batting: RHB Oscar Bravo
|
0-0: Foul Ball, location: 2F 0-1: Ball 1-1: Foul Ball, location: 2F 1-2: Ball 2-2: Strikes out swinging
|
|
Batting: RHB Jack Nickleberry
|
0-0: Ball 1-0: Called Strike 1-1: SINGLE (Flyball, 8RS, EV 95.6 MPH)
|
|
Batting: RHB Jose Lara
|
0-0: Ball 1-0: Grounds into double play, 4-6-3 (Groundball, 34, EV 83.8 MPH)
|
| Top of the 1st over - 0 runs, 1 hit, 0 errors, 0 left on base; Binghamton 0 - Augusta 0 |
| BOTTOM OF THE 1ST |
|
Augusta GreenJackets batting - Pitching for Binghamton Mets : RHP Francis Cornick
|
|
Pitching: RHP Francis Cornick
|
|
|
Batting: RHB Yutaka Oki
|
0-0: Swinging Strike 0-1: SINGLE (Groundball, 34D, EV 104.4 MPH)
|
|
Batting: LHB James Wheaton
|
0-0: Ball Yutaka Oki is caught stealing 2nd base 2-6 1-0: Called Strike 1-1: DOUBLE (Line Drive, 7LD, EV 105.0 MPH)
|
|
Batting: LHB Tony Galvan
|
0-0: Ball 1-0: Called Strike 1-1: Foul Ball, location: 2F 1-2: Ball 2-2: Foul Ball, location: 2F 2-2: Foul Ball, location: 2F 2-2: Fly out, F4 (Line Drive, 4, EV 73.1 MPH) Lined into DP, 4-6 (Line Drive, 4, EV 70.6 MPH)
|
| Bottom of the 1st over - 0 runs, 2 hits, 0 errors, 0 left on base; Binghamton 0 - Augusta 0 |
| TOP OF THE 2ND |
|
Binghamton Mets batting - Pitching for Augusta GreenJackets : RHP George Kellum
|
|
Batting: SHB Masatoshi Akahoshi
|
0-0: Ball 1-0: Ball 2-0: Ball 3-0: Base on Balls
|
|
Batting: SHB Alex Cavazos
|
0-0: Called Strike 0-1: SINGLE (Groundball, 5D, EV 97.5 MPH) Masatoshi Akahoshi to second
|
|
Batting: RHB Chris Artz
|
0-0: Foul Ball, location: 2F 0-1: Ball 1-1: Swinging Strike 1-2: Foul Ball, location: 2F 1-2: Foul Ball, location: 2F 1-2: Ball 2-2: Ball 3-2: Base on Balls Masatoshi Akahoshi to third Alex Cavazos to second
|
|
Batting: SHB Jerry Burrows
|
0-0: Called Strike 0-1: Grounds into double play, 1-2-3 (Groundball, 13S, EV 67.5 MPH) Alex Cavazos to third Chris Artz to second
|
|
Batting: SHB Keith Casner
|
0-0: Ground out 4-3 (Groundball, 4, EV 100.6 MPH)
|
| Top of the 2nd over - 0 runs, 1 hit, 0 errors, 2 left on base; Binghamton 0 - Augusta 0 |
| BOTTOM OF THE 2ND |
|
Augusta GreenJackets batting - Pitching for Binghamton Mets : RHP Francis Cornick
|
|
Batting: RHB Miguel Gonzalez
|
0-0: Called Strike 0-1: Called Strike 0-2: Fly out, F4 (Popup, 34, EV 73.8 MPH)
|
|
Batting: RHB Justin Baldwin
|
0-0: Ball 1-0: Swinging Strike 1-1: Ball 2-1: Ball 3-1: Foul Ball, location: 2F 3-2: Foul Ball, location: 2F 3-2: Base on Balls
|
|
Batting: LHB Gil Caraveo
|
0-0: Ball 1-0: Foul Ball, location: 2F 1-1: Called Strike 1-2: Fly out, F6 (Popup, 6MD, EV 73.8 MPH)
|
|
Batting: LHB John Whitman
|
0-0: Ground out 4-3 (Groundball, 4S, EV 82.5 MPH)
|
| Bottom of the 2nd over - 0 runs, 0 hits, 0 errors, 1 left on base; Binghamton 0 - Augusta 0 |
| TOP OF THE 3RD |
|
Binghamton Mets batting - Pitching for Augusta GreenJackets : RHP George Kellum
|
|
Batting: RHB Mike Hanks
|
0-0: Ball 1-0: Called Strike 1-1: Ball 2-1: Swinging Strike 2-2: Strikes out swinging
|
|
Batting: RHB Oscar Bravo
|
0-0: Foul Ball, location: 2F 0-1: Ball 1-1: Foul Ball, location: 2F 1-2: Ball 2-2: Strikes out swinging
|
|
Batting: RHB Jack Nickleberry
|
0-0: Called Strike 0-1: Swinging Strike 0-2: Strikes out swinging
|
| Top of the 3rd over - 0 runs, 0 hits, 0 errors, 0 left on base; Binghamton 0 - Augusta 0 |
| BOTTOM OF THE 3RD |
|
Augusta GreenJackets batting - Pitching for Binghamton Mets : RHP Francis Cornick
|
|
Batting: SHB David Barona
|
0-0: Called Strike 0-1: Swinging Strike 0-2: Foul Ball, location: 2F 0-2: Ball 1-2: Strikes out swinging
|
|
Batting: RHB Mike Jones
|
0-0: Ball 1-0: Ground out 4-3 (Groundball, 13, EV 84.4 MPH)
|
|
Batting: RHB Yutaka Oki
|
0-0: Called Strike 0-1: Fly out, F7 (Flyball, 7D, EV 100.6 MPH)
|
| Bottom of the 3rd over - 0 runs, 0 hits, 0 errors, 0 left on base; Binghamton 0 - Augusta 0 |
| TOP OF THE 4TH |
|
Binghamton Mets batting - Pitching for Augusta GreenJackets : RHP George Kellum
|
|
Batting: RHB Jose Lara
|
0-0: Ground out 4-3 (Groundball, 4, EV 82.5 MPH)
|
|
Batting: SHB Masatoshi Akahoshi
|
0-0: Called Strike 0-1: Called Strike 0-2: Foul Ball, location: 2F 0-2: Foul Ball, location: 2F 0-2: Foul Ball, location: 2F 0-2: Ball 1-2: Ball 2-2: Foul Ball, location: 2F 2-2: Strikes out swinging
|
|
Batting: SHB Alex Cavazos
|
0-0: Called Strike 0-1: Called Strike 0-2: Fly out, F6 (Popup, 6M, EV 68.1 MPH)
|
| Top of the 4th over - 0 runs, 0 hits, 0 errors, 0 left on base; Binghamton 0 - Augusta 0 |
| BOTTOM OF THE 4TH |
|
Augusta GreenJackets batting - Pitching for Binghamton Mets : RHP Francis Cornick
|
|
Batting: LHB James Wheaton
|
0-0: Foul Ball, location: 2F 0-1: Ball 1-1: Ground out U3 (Groundball, 3, EV 111.2 MPH)
|
|
Batting: LHB Tony Galvan
|
0-0: Swinging Strike 0-1: Ball 1-1: Ground out 5-3 (Groundball, 56, EV 88.1 MPH)
|
|
Batting: RHB Miguel Gonzalez
|
0-0: Ball 1-0: Called Strike 1-1: Called Strike 1-2: Ball 2-2: SINGLE (Line Drive, 8RS, EV 96.2 MPH)
|
|
Batting: RHB Justin Baldwin
|
0-0: Ball 1-0: Ball Miguel Gonzalez steals 2nd base (no throw) 2-0: Called Strike 2-1: Ball 3-1: Base on Balls
|
|
Batting: LHB Gil Caraveo
|
0-0: Foul Ball, location: 2F 0-1: Ball 1-1: Ground out 5-3 (Groundball, 56, EV 106.9 MPH)
|
| Bottom of the 4th over - 0 runs, 1 hit, 0 errors, 2 left on base; Binghamton 0 - Augusta 0 |
| TOP OF THE 5TH |
|
Binghamton Mets batting - Pitching for Augusta GreenJackets : RHP George Kellum
|
|
Batting: RHB Chris Artz
|
0-0: Foul Ball, location: 2F 0-1: Foul Ball, location: 2F 0-2: Ball 1-2: Ball 2-2: Ball 3-2: Foul Ball, location: 2F 3-2: Base on Balls
|
|
Batting: SHB Jerry Burrows
|
0-0: Called Strike 0-1: Ball 1-1: Fielders Choice at 2nd, 4-6 (Groundball, 4, EV 86.9 MPH)
|
|
Batting: SHB Keith Casner
|
0-0: Called Strike 0-1: Called Strike 0-2: Ball 1-2: Foul Ball, location: 2F 1-2: Ball 2-2: Fly out, F8 (Flyball, 8RD, EV 100.0 MPH)
|
|
Batting: RHB Mike Hanks
|
0-0: Foul Ball, location: 2F 0-1: Called Strike 0-2: Ball 1-2: Strikes out swinging
|
| Top of the 5th over - 0 runs, 0 hits, 0 errors, 1 left on base; Binghamton 0 - Augusta 0 |
| BOTTOM OF THE 5TH |
|
Augusta GreenJackets batting - Pitching for Binghamton Mets : RHP Francis Cornick
|
|
Batting: LHB John Whitman
|
0-0: Called Strike 0-1: Fly out, F8 (Flyball, 89S, EV 98.8 MPH)
|
|
Batting: SHB David Barona
|
0-0: Called Strike 0-1: Ball 1-1: Ground out 6-3 (Groundball, 6, EV 106.9 MPH)
|
|
Batting: RHB Mike Jones
|
0-0: SINGLE (Groundball, 6S, EV 65.0 MPH) (infield hit)
|
|
Batting: RHB Yutaka Oki
|
0-0: Ball 1-0: Called Strike 1-1: Foul Ball, location: 2F 1-2: Ball 2-2: Ball 3-2: Base on Balls Mike Jones to second
|
|
Batting: LHB James Wheaton
|
0-0: Foul Ball, location: 2F 0-1: Fly out, F7 (Flyball, 7, EV 93.8 MPH)
|
| Bottom of the 5th over - 0 runs, 1 hit, 0 errors, 2 left on base; Binghamton 0 - Augusta 0 |
| TOP OF THE 6TH |
|
Binghamton Mets batting - Pitching for Augusta GreenJackets : RHP George Kellum
|
|
Batting: RHB Oscar Bravo
|
0-0: SINGLE (Line Drive, 4MD, EV 88.1 MPH)
|
|
Batting: RHB Jack Nickleberry
|
0-0: SINGLE (Groundball, 6MD, EV 106.9 MPH) Oscar Bravo to second Runner from 2nd tries for 3rd, SAFE, throw by CF made to third
|
|
Batting: RHB Jose Lara
|
0-0: Ball 1-0: Foul Ball, location: 2F 1-1: Called Strike 1-2: Strikes out swinging
|
|
Batting: SHB Masatoshi Akahoshi
|
0-0: Swinging Strike 0-1: Fly out, F8 (Flyball, 8LS, EV 69.4 MPH)
|
|
Pitching: RHP Tadesse Karume
|
|
|
Batting: SHB Alex Cavazos
|
0-0: Foul Ball, location: 2F 0-1: Foul Ball, location: 2F 0-2: Ball 1-2: Strikes out looking
|
| Top of the 6th over - 0 runs, 2 hits, 0 errors, 2 left on base; Binghamton 0 - Augusta 0 |
| BOTTOM OF THE 6TH |
|
Augusta GreenJackets batting - Pitching for Binghamton Mets : RHP Francis Cornick
|
|
Batting: LHB Tony Galvan
|
0-0: DOUBLE (Flyball, 8LXD, EV 95.6 MPH)
|
|
Batting: RHB Miguel Gonzalez
|
0-0: Ball 1-0: Ball 2-0: Foul Ball, location: 2F 2-1: Ball 3-1: Swinging Strike 3-2: Fly out, F7 (Flyball, 78D, EV 83.8 MPH)
|
|
Pitching: RHP Gabe Kelso
|
|
|
Batting: RHB Justin Baldwin
|
0-0: Ball 1-0: Foul Ball, location: 2F 1-1: Ball 2-1: Called Strike 2-2: Ball 3-2: Strikes out swinging
|
|
Batting: LHB Gil Caraveo
|
0-0: Ball 1-0: Called Strike 1-1: Swinging Strike 1-2: Ground out 3-1 (Groundball, 34, EV 90.6 MPH)
|
| Bottom of the 6th over - 0 runs, 1 hit, 0 errors, 1 left on base; Binghamton 0 - Augusta 0 |
| TOP OF THE 7TH |
|
Binghamton Mets batting - Pitching for Augusta GreenJackets : RHP Tadesse Karume
|
|
Batting: RHB Chris Artz
|
0-0: Foul Ball, location: 2F 0-1: SINGLE (Groundball, 56S, EV 65.6 MPH) (infield hit)
|
|
Batting: SHB Jerry Burrows
|
0-0: Called Strike 0-1: Swinging Strike 0-2: Ball 1-2: Fly out, F8 (Flyball, 78D, EV 88.8 MPH)
|
|
Batting: SHB Keith Casner
|
0-0: Ball 1-0: Called Strike 1-1: Ball 2-1: Ball 3-1: Called Strike 3-2: Ground out 4-3 (Groundball, 4S, EV 88.1 MPH) Chris Artz to second
|
|
Batting: RHB Mike Hanks
|
0-0: Called Strike 0-1: Ball 1-1: Ball 2-1: Ball Wild Pitch! Chris Artz to third 3-1: Called Strike 3-2: Strikes out swinging
|
| Top of the 7th over - 0 runs, 1 hit, 0 errors, 1 left on base; Binghamton 0 - Augusta 0 |
| BOTTOM OF THE 7TH |
|
Augusta GreenJackets batting - Pitching for Binghamton Mets : RHP Gabe Kelso
|
|
Batting: LHB John Whitman
|
0-0: Called Strike 0-1: Ball 1-1: Ball 2-1: DOUBLE (Line Drive, 7LM, EV 103.8 MPH)
|
|
Batting: SHB David Barona
|
0-0: Called Strike 0-1: Ball 1-1: Foul Ball, location: 2F 1-2: Strikes out swinging
|
|
Batting: RHB Mike Jones
|
0-0: Called Strike 0-1: Swinging Strike 0-2: Ball 1-2: Foul Ball, location: 2F 1-2: Ground out 6-3 (Groundball, 6, EV 85.6 MPH)
|
|
Batting: RHB Yutaka Oki
|
0-0: Called Strike 0-1: Foul Ball, location: 2F 0-2: Strikes out swinging
|
| Bottom of the 7th over - 0 runs, 1 hit, 0 errors, 1 left on base; Binghamton 0 - Augusta 0 |
| TOP OF THE 8TH |
|
Binghamton Mets batting - Pitching for Augusta GreenJackets : RHP Tadesse Karume
|
|
Pitching: LHP Gil Longoria
|
|
|
Batting: RHB Oscar Bravo
|
0-0: Ball 1-0: Foul Ball, location: 2F 1-1: Foul Ball, location: 2F 1-2: Foul Ball, location: 2F 1-2: Foul Ball, location: 2F 1-2: Strikes out swinging
|
|
Batting: RHB Jack Nickleberry
|
0-0: Called Strike 0-1: Ball 1-1: Foul Ball, location: 2F 1-2: Ball 2-2: Foul Ball, location: 2F 2-2: Fly out, F8 (Line Drive, 8LD, EV 95.0 MPH)
|
|
Batting: RHB Jose Lara
|
0-0: Called Strike 0-1: Called Strike 0-2: Ball 1-2: Fly out, F7 (Flyball, 7, EV 91.2 MPH)
|
| Top of the 8th over - 0 runs, 0 hits, 0 errors, 0 left on base; Binghamton 0 - Augusta 0 |
| BOTTOM OF THE 8TH |
|
Augusta GreenJackets batting - Pitching for Binghamton Mets : RHP Gabe Kelso
|
|
Pitching: RHP Amare Golden
|
|
|
Batting: LHB James Wheaton
|
0-0: Ball 1-0: Ground out U3 (Groundball, 34, EV 88.1 MPH)
|
|
Batting: LHB Tony Galvan
|
0-0: Swinging Strike 0-1: Foul Ball, location: 2F 0-2: Ball 1-2: Foul Ball, location: 2F 1-2: Ball 2-2: Ball 3-2: Foul Ball, location: 2F 3-2: Ground out 5-3 (Groundball, 56, EV 81.9 MPH)
|
|
Batting: RHB Miguel Gonzalez
|
0-0: Called Strike 0-1: Ball 1-1: Ball 2-1: Ball 3-1: Base on Balls
|
|
Batting: RHB Justin Baldwin
|
Pickoff Play to 1st, Runner tries for 2nd, OUT after rundown.
|
| Bottom of the 8th over - 0 runs, 0 hits, 0 errors, 0 left on base; Binghamton 0 - Augusta 0 |
| TOP OF THE 9TH |
|
Binghamton Mets batting - Pitching for Augusta GreenJackets : LHP Gil Longoria
|
|
Pitching: RHP Takashi Kino
|
|
|
Batting: SHB Masatoshi Akahoshi
|
0-0: Called Strike 0-1: Called Strike 0-2: Foul Ball, location: 2F 0-2: Ball 1-2: Foul Ball, location: 2F 1-2: Strikes out swinging
|
|
Batting: SHB Alex Cavazos
|
0-0: Ball 1-0: Swinging Strike 1-1: Called Strike 1-2: Ground out 5-3 (Groundball, 5L, EV 98.8 MPH)
|
|
Batting: RHB Chris Artz
|
0-0: Ball 1-0: Swinging Strike 1-1: Foul Ball, location: 2F 1-2: Ball 2-2: Foul Ball, location: 2F 2-2: SINGLE (Groundball, 6D, EV 99.4 MPH)
|
|
Batting: SHB Jerry Burrows
|
0-0: Ground out 4-3 (Groundball, 34, EV 102.5 MPH)
|
| Top of the 9th over - 0 runs, 1 hit, 0 errors, 1 left on base; Binghamton 0 - Augusta 0 |
| BOTTOM OF THE 9TH |
|
Augusta GreenJackets batting - Pitching for Binghamton Mets : RHP Amare Golden
|
|
Batting: RHB Justin Baldwin
|
0-0: Called Strike 0-1: Ball 1-1: Ball 2-1: Foul Ball, location: 2F 2-2: Ball 3-2: Ground out 5-3 (Groundball, 56S, EV 85.6 MPH)
|
|
Batting: LHB Gil Caraveo
|
0-0: SINGLE (Groundball, 4, EV 98.1 MPH)
|
|
Batting: LHB John Whitman
|
0-0: Ball Gil Caraveo is caught stealing 2nd base 2-6 1-0: Fly out, F1 (Line Drive, P, EV 68.1 MPH)
|
| Bottom of the 9th over - 0 runs, 1 hit, 0 errors, 0 left on base; Binghamton 0 - Augusta 0 |
| TOP OF THE 10TH |
|
Binghamton Mets batting - Pitching for Augusta GreenJackets : RHP Takashi Kino
|
|
Batting: SHB Keith Casner
|
0-0: Foul Ball, location: 2F 0-1: Ball 1-1: Ball 2-1: Called Strike 2-2: Foul Ball, location: 2F 2-2: Ground out 6-3 (Groundball, 6M, EV 100.0 MPH)
|
|
Batting: RHB Mike Hanks
|
0-0: Swinging Strike 0-1: Ball 1-1: Foul Ball, location: 2F 1-2: Strikes out swinging
|
|
Batting: RHB Oscar Bravo
|
0-0: Fly out, F8 (Flyball, 8RD, EV 101.9 MPH)
|
| Top of the 10th over - 0 runs, 0 hits, 0 errors, 0 left on base; Binghamton 0 - Augusta 0 |
| BOTTOM OF THE 10TH |
|
Augusta GreenJackets batting - Pitching for Binghamton Mets : RHP Amare Golden
|
|
Batting: SHB David Barona
|
0-0: Foul Ball, location: 2F 0-1: Foul Ball, location: 2F 0-2: Strikes out swinging
|
|
Batting: RHB Mike Jones
|
0-0: Called Strike 0-1: Ground out 6-3 (Groundball, 6, EV 84.4 MPH)
|
|
Batting: RHB Yutaka Oki
|
0-0: Ball 1-0: Ground out 4-3 (Groundball, 4, EV 104.4 MPH)
|
| Bottom of the 10th over - 0 runs, 0 hits, 0 errors, 0 left on base; Binghamton 0 - Augusta 0 |
| TOP OF THE 11TH |
|
Binghamton Mets batting - Pitching for Augusta GreenJackets : RHP Takashi Kino
|
|
Batting: RHB Jack Nickleberry
|
0-0: Ball 1-0: Fly out, F6 (Popup, 6, EV 75.0 MPH)
|
|
Batting: RHB Jose Lara
|
0-0: Foul Ball, location: 2F 0-1: Foul Ball, location: 2F 0-2: Ball 1-2: Hit by Pitch
|
|
Batting: SHB Masatoshi Akahoshi
|
0-0: Ball 1-0: Ball Jose Lara is caught stealing 2nd base 2-6 2-0: Ball 3-0: Base on Balls
|
|
Batting: SHB Alex Cavazos
|
0-0: Fly out, F7 (Flyball, 78M, EV 80.6 MPH)
|
| Top of the 11th over - 0 runs, 0 hits, 0 errors, 1 left on base; Binghamton 0 - Augusta 0 |
| BOTTOM OF THE 11TH |
|
Augusta GreenJackets batting - Pitching for Binghamton Mets : RHP Amare Golden
|
|
Batting: LHB James Wheaton
|
0-0: Swinging Strike 0-1: Swinging Strike 0-2: Ball 1-2: Ball 2-2: Ball 3-2: Foul Ball, location: 2F 3-2: Ground out 4-3 (Groundball, 4, EV 103.1 MPH)
|
|
Batting: LHB Tony Galvan
|
0-0: Foul Ball, location: 2F 0-1: Ball 1-1: Called Strike 1-2: Strikes out swinging
|
|
Batting: RHB Miguel Gonzalez
|
0-0: Ball 1-0: Swinging Strike 1-1: Fly out, F4 (Line Drive, 4, EV 72.5 MPH)
|
| Bottom of the 11th over - 0 runs, 0 hits, 0 errors, 0 left on base; Binghamton 0 - Augusta 0 |
| TOP OF THE 12TH |
|
Binghamton Mets batting - Pitching for Augusta GreenJackets : RHP Takashi Kino
|
|
Batting: RHB Chris Artz
|
0-0: Ground out 6-3 (Groundball, 6, EV 100.6 MPH)
|
|
Batting: SHB Jerry Burrows
|
0-0: Ball 1-0: Ground out 4-3 (Groundball, 4, EV 87.5 MPH)
|
|
Batting: SHB Keith Casner
|
0-0: SINGLE (Groundball, 34D, EV 100.6 MPH)
|
|
Batting: RHB Mike Hanks
|
0-0: Swinging Strike 0-1: Foul Ball, location: 2F 0-2: Strikes out swinging
|
| Top of the 12th over - 0 runs, 1 hit, 0 errors, 1 left on base; Binghamton 0 - Augusta 0 |
| BOTTOM OF THE 12TH |
|
Augusta GreenJackets batting - Pitching for Binghamton Mets : RHP Amare Golden
|
|
Batting: RHB Justin Baldwin
|
0-0: Ball 1-0: Ball 2-0: Called Strike 2-1: Ground out 4-3 (Groundball, 4S, EV 87.5 MPH)
|
|
Pitching: RHP Thomas Clark
|
|
|
Batting: LHB Gil Caraveo
|
0-0: Ball 1-0: Foul Ball, location: 2F 1-1: Ball 2-1: Ground out 4-3 (Groundball, 4, EV 83.1 MPH)
|
|
Batting: LHB John Whitman
|
0-0: Ball 1-0: Called Strike 1-1: Foul Ball, location: 2F 1-2: Strikes out swinging
|
| Bottom of the 12th over - 0 runs, 0 hits, 0 errors, 0 left on base; Binghamton 0 - Augusta 0 |
| TOP OF THE 13TH |
|
Binghamton Mets batting - Pitching for Augusta GreenJackets : RHP Takashi Kino
|
|
Pitching: RHP Nick McDade
|
|
|
Batting: RHB Oscar Bravo
|
0-0: Called Strike 0-1: Ball 1-1: Ball 2-1: Foul Ball, location: 2F 2-2: Strikes out swinging
|
|
Batting: RHB Jack Nickleberry
|
0-0: Ball 1-0: Ground out 5-3 (Groundball, 56S, EV 80.0 MPH)
|
|
Batting: RHB Jose Lara
|
0-0: Ball 1-0: Called Strike 1-1: Foul Ball, location: 2F 1-2: Ball 2-2: Ball 3-2: Strikes out looking
|
| Top of the 13th over - 0 runs, 0 hits, 0 errors, 0 left on base; Binghamton 0 - Augusta 0 |
| BOTTOM OF THE 13TH |
|
Augusta GreenJackets batting - Pitching for Binghamton Mets : RHP Thomas Clark
|
|
Batting: SHB David Barona
|
0-0: Called Strike 0-1: Foul Ball, location: 2F 0-2: Strikes out swinging
|
|
Batting: RHB Mike Jones
|
0-0: Ball 1-0: Ground out 4-3 (Groundball, 4M, EV 105.6 MPH)
|
|
Batting: RHB Yutaka Oki
|
0-0: Ball 1-0: Ground out 6-3 (Groundball, 6, EV 90.0 MPH)
|
| Bottom of the 13th over - 0 runs, 0 hits, 0 errors, 0 left on base; Binghamton 0 - Augusta 0 |
| TOP OF THE 14TH |
|
Binghamton Mets batting - Pitching for Augusta GreenJackets : RHP Nick McDade
|
|
Batting: SHB Masatoshi Akahoshi
|
0-0: Ball 1-0: Called Strike 1-1: Swinging Strike 1-2: Strikes out swinging
|
|
Batting: SHB Alex Cavazos
|
0-0: Called Strike 0-1: Ground out U3 (Groundball, 3, EV 85.0 MPH)
|
|
Batting: RHB Chris Artz
|
0-0: Ball 1-0: Swinging Strike 1-1: Ball 2-1: Ball 3-1: Foul Ball, location: 2F 3-2: Foul Ball, location: 2F 3-2: Reached via error on a dropped throw from SS, E3 (Groundball, 56D, EV 105.0 MPH)
|
|
Pitching: RHP Sanya Mikushevich
|
|
|
Batting: SHB Jerry Burrows
|
0-0: Ball 1-0: Ground out 1-3 (Groundball, 34S, EV 71.2 MPH)
|
| Top of the 14th over - 0 runs, 0 hits, 1 error, 1 left on base; Binghamton 0 - Augusta 0 |
| BOTTOM OF THE 14TH |
|
Augusta GreenJackets batting - Pitching for Binghamton Mets : RHP Thomas Clark
|
|
Batting: LHB James Wheaton
|
0-0: Ball 1-0: Ball 2-0: Fly out, F1 (Popup, P, EV 85.0 MPH)
|
|
Batting: LHB Tony Galvan
|
0-0: Foul Ball, location: 2F 0-1: Foul Ball, location: 2F 0-2: Ground out U3 (Groundball, 13, EV 88.1 MPH)
|
|
Batting: RHB Miguel Gonzalez
|
0-0: Ball 1-0: Ball 2-0: Foul Ball, location: 2F 2-1: Ball 3-1: Base on Balls
|
|
Batting: RHB Justin Baldwin
|
0-0: Called Strike 0-1: SINGLE (Line Drive, 89S, EV 93.1 MPH) Miguel Gonzalez to second Runner from 2nd tries for 3rd, SAFE, throw by RF made to third
|
|
Batting: LHB Gil Caraveo
|
0-0: Ball 1-0: Foul Ball, location: 2F 1-1: Ball 2-1: Ground out 4-3 (Groundball, 4, EV 93.1 MPH)
|
| Bottom of the 14th over - 0 runs, 1 hit, 0 errors, 2 left on base; Binghamton 0 - Augusta 0 |
| TOP OF THE 15TH |
|
Binghamton Mets batting - Pitching for Augusta GreenJackets : RHP Sanya Mikushevich
|
|
Batting: SHB Keith Casner
|
0-0: Ball 1-0: Reached on error, E3 (Groundball, 34, EV 100.6 MPH)
|
|
Batting: RHB Mike Hanks
|
0-0: Called Strike 0-1: Ball 1-1: Foul Ball, location: 2F 1-2: Strikes out swinging
|
|
Batting: RHB Oscar Bravo
|
0-0: Called Strike 0-1: Bunt missed! 0-2: DOUBLE (Line Drive, 89D, EV 108.1 MPH) Keith Casner to third
|
|
Batting: RHB Jack Nickleberry
|
0-0: Called Strike 0-1: Ball 1-1: Foul Ball, location: 2F 1-2: Foul Ball, location: 2F 1-2: SINGLE (Flyball, 7LS, EV 98.8 MPH) Keith Casner scores Oscar Bravo to third Runner from 3rd tries for Home, SAFE, throw by LF to home
|
|
Batting: RHB Jose Lara
|
0-0: Foul Ball, location: 2F 0-1: Ball 1-1: Called Strike Jack Nickleberry is caught stealing 2nd base 2-4 1-2: Ball 2-2: Ground out 6-3 (Groundball, 6S, EV 66.9 MPH)
|
| Top of the 15th over - 2 runs, 2 hits, 1 error, 0 left on base; Binghamton 2 - Augusta 0 |
| BOTTOM OF THE 15TH |
|
Augusta GreenJackets batting - Pitching for Binghamton Mets : RHP Thomas Clark
|
|
Batting: LHB John Whitman
|
0-0: Ball 1-0: Ground out U3 (Groundball, 3, EV 95.0 MPH)
|
|
Batting: SHB David Barona
|
0-0: Called Strike 0-1: Ball 1-1: Ball 2-1: Swinging Strike 2-2: Strikes out swinging
|
|
Batting: RHB Mike Jones
|
0-0: Ball 1-0: Ball 2-0: Ground out 1-3 (Groundball, 34S, EV 70.6 MPH)
|
| Bottom of the 15th over - 0 runs, 0 hits, 0 errors, 0 left on base; Binghamton 2 - Augusta 0 |
|